 Dungeon Crawl Stone Soup version 0.32-a0-859-gb0a091d592 (webtiles) character file.

Game seed: 17845471966095303321

22 Xavori the Trooper (level 3, -3/33 HPs)
             Began as a Djinni Chaos Knight on Mar 28, 2024.
             Was a Plaything of Xom.
             Slain by an orc
             ... wielding a +0 flail
              (5 damage)
             ... on level 2 of the Dungeon.
             The game lasted 00:01:38 (6583 turns).

Xavori the Trooper (Djinni Chaos Knight)            Turns: 6583, Time: 00:01:38

Health: -3/33      AC:  6    Str: 19    XL:     3   Next: 7%
Gold:   125        EV: 11    Int: 11    God:    Xom [*.....] SH:  0 Dex: 12

rFire   + + .        a - +0 falchion (chaos)
rCold   x . .        (no shield)
rNeg    . . .        b - +2 leather armour
rPois   ∞            (no helmet)
rElec   .            (no cloak)
rCorr   .            e - +0 pair of gloves
SInv    .            (boots unavailable)
Will    +....        (no amulet)
Stlth   +            (no ring)
HPRegen 0.25/turn    (no ring)
MPRegen 0.00/turn

%: infuse magic (-4 HP)
@: flying
A: sickness immunity, fire resistance 2, cold vulnerability 1, float, innate
caster, HP casting, extra vitality 1, strong-willed 1, robust 1, strong 2,
evolution 2
a: Renounce Religion


You were on level 2 of the Dungeon.
You worshipped Xom.
You were a special plaything of Xom.
You visited 1 branch of the dungeon, and saw 2 of its levels.

You collected 125 gold pieces.

Inventory:

Hand Weapons
 a - a +0 falchion of chaos (weapon)
Armour
 b - a +2 leather armour (worn)
 e - a +0 pair of gloves (worn)
Jewellery
 f - a ring of resist corrosion
Wands
 j - a wand of flame (5)
Scrolls
 c - a scroll of butterflies
 d - a scroll of fear {unknown}
 g - 2 scrolls of summoning {unknown}
 i - a scroll of enchant weapon {unknown}
Potions
 h - a potion of mutation {unknown}


   Skills:
 + Level 3.1 Fighting
 + Level 2.8 Long Blades
 + Level 1.3 Armour
 + Level 2.4 Dodging
 * Level 1.0 Spellcasting
 * Level 1.0 Conjurations
 * Level 1.0 Hexes
   Level 0.0 Charms
 * Level 1.0 Summonings
 * Level 1.0 Necromancy
 * Level 1.0 Translocations
   Level 0.0 Transmutations
 * Level 1.0 Fire Magic
 * Level 1.0 Ice Magic
 * Level 1.0 Air Magic
 * Level 1.0 Earth Magic
 * Level 1.0 Alchemy


You knew the following spells:

 Your Spells              Type           Power      Damage    Failure   Level
a - Freeze                Ice            8%         1d3       26%         1
Your spell library was empty.

Dungeon Overview and Level Annotations

Branches:
Dungeon (2/15)

Altars:
Xom


Innate Abilities, Weirdness & Mutations

You are immune to sickness and miasma.
You are immune to poison.
Your flesh is very heat resistant. (rF++)
You are vulnerable to cold. (rC-)
You float through the air rather than walking.
You learn spells naturally, not from books.
Your magical power is your life essence.
You have superior vitality. (+4 MHP)
You are strong-willed. (Will+)
You are robust. (+10% HP)
Your muscles are very strong. (Str +8, Int/Dex -2)
You have great hidden genetic potential.


Message History

The orc misses you. The orc closely misses you.
Unknown command.
You hit the orc priest. You freeze the orc priest.
The orc priest is moderately wounded.
The orc closely misses you. The orc hits you with a +0 flail.
The orc priest mumbles some strange prayers to Beogh against you.
You resist with some effort. The orc barely misses you.
The orc priest hits you with a +0 flail.
The orc hits you with a +0 flail.
You closely miss the orc priest.
The orc priest is lightly wounded.
The orc closely misses you.
The orc priest hits you with a +0 flail.
The orc hits you with a +0 flail.
Unknown command.
You are too injured to fight recklessly!
Unknown command.
You are too injured to fight recklessly!
Unknown command.
You are too injured to fight recklessly!
Unknown command.
You are too injured to fight recklessly!
Unknown command.
You hit the orc priest.
The orc priest becomes as fragile as glass!
The orc priest is heavily wounded.
The orc hits you with a +0 war axe!
* * * LOW HITPOINT WARNING * * *
The orc priest barely misses you. The orc barely misses you.
You hit the orc priest but do no damage.
The orc priest is heavily wounded.
The orc barely misses you.
The orc priest hits you but does no damage.
The orc barely misses you.
Unknown command.
You completely miss the orc priest.
The orc priest is heavily wounded.
The orc hits you with a +0 flail.
You die...
Xom thinks this is hilarious!

##### ##$⌠$##
##.....##
#.......#
#.......#
#.......#
#..ooo..#
#...@...#
#.......#
#.......#
#...........#
.......$.#####
##########


You could see an orc priest (vitrified) and 2 orcs.

Vanquished Creatures
  4 endoplasms (D:1)
  2 goblins (D:1)
  2 hobgoblins (D:1)
  A quokka (D:1)
  2 ball pythons (D:1)
  3 bats (D:1)
  4 frilled lizards (D:1)
  3 kobolds
  A rat (D:1)
22 creatures vanquished.

Notes
Turn   | Place    | Note
-------+----------+-------------------------------------------
     0 | D:1      | Xavori the Djinni Chaos Knight began the quest for the Orb.
     0 | D:1      | Reached XP level 1. HP: 20/20 MP: 0/0
    45 | D:1      | Reached XP level 2. HP: 19/25 MP: 0/0
   502 | D:1      | XOM: divination: magic mapping
   667 | D:1      | Reached XP level 3. HP: 21/30 MP: 0/0
   667 | D:1      | Learned a level 1 spell: Freeze
   809 | D:2      | Reached skill level 1 in Spellcasting
   809 | D:2      | Reached skill level 1 in Conjurations
   809 | D:2      | Reached skill level 1 in Hexes
   809 | D:2      | Reached skill level 1 in Summonings
   809 | D:2      | Reached skill level 1 in Necromancy
   809 | D:2      | Reached skill level 1 in Translocations
   809 | D:2      | Reached skill level 1 in Fire Magic
   809 | D:2      | Reached skill level 1 in Ice Magic
   809 | D:2      | Reached skill level 1 in Air Magic
   809 | D:2      | Reached skill level 1 in Earth Magic
   809 | D:2      | Reached skill level 1 in Alchemy
  1258 | D:1      | XOM: god gift: flux talisman
  1620 | D:1      | XOM: god gift: Necronomicon
  2058 | D:1      | XOM: god gift: wooden wand {god gift}
  2720 | D:1      | XOM: give mutations
  2720 | D:1      | Gained mutation: You are robust. (+10% HP) [Xom's grace]
  2720 | D:1      | Gained mutation: Your muscles are strong. (Str +4, Int/Dex
                  | -1) [Xom's grace]
  2720 | D:1      | Gained mutation: You have hidden genetic potential. [Xom's
                  | grace]
  2720 | D:1      | Gained mutation: Your muscles are very strong. (Str +8,
                  | Int/Dex -2) [Xom's grace]
  2858 | D:1      | XOM: scenery: create altars
  3127 | D:1      | XOM: cloud trail
  4414 | D:1      | XOM: god gift: morningstar {god gift}
  4588 | D:1      | XOM: give mutations
  4588 | D:1      | Gained mutation: You are very robust. (+20% HP) [Xom's
                  | grace]
  4588 | D:1      | Gained mutation: You have great hidden genetic potential.
                  | [Xom's grace]
  4588 | D:1      | Gained mutation: You passively map a small area around you.
                  | [Xom's grace]
  4588 | D:1      | Gained mutation: You are strong-willed. (Will+) [Xom's
                  | grace]
  4731 | D:1      | XOM: god gift: 54 gold pieces
  4919 | D:1      | XOM: noise
  5561 | D:1      | XOM: give mutations
  5561 | D:1      | Gained mutation: You expend health (3 HP) to strengthen
                  | your wands. [Xom's mischief]
  5561 | D:1      | Lost mutation: You passively map a small area around you.
                  | [Xom's mischief]
  5561 | D:1      | Lost mutation: You expend health (3 HP) to strengthen your
                  | wands. [Xom's mischief]
  5561 | D:1      | Lost mutation: You are very robust. (+20% HP) [Xom's
                  | mischief]
  6500 | D:1      | XOM: summons 4 hostile shadow creatures
  6574 | D:2      | XOM: 1-stop teleportation journey
  6583 | D:2      | Slain by an orc

Illustrated notes

Levels and vault maps discovered:
D:1:      shiori_arrival_elements, layout_loops_cross, minmay_heptomino_w4
D:2:      cheibrodos_pilgrimage, layout_basic, uniq_terence

Skill      XL: |  1  2  3 |
---------------+----------+-----
Spellcasting   | 1 |  1.0
Conjurations   | 1 |  1.0
Hexes          | 1 |  1.0
Summonings     | 1 |  1.0
Necromancy     | 1 |  1.0
Translocations | 1 |  1.0
Fire Magic     | 1 |  1.0
Ice Magic      | 1 |  1.0
Air Magic      | 1 |  1.0
Earth Magic    | 1 |  1.0
Alchemy        | 1 |  1.0
Fighting       | |  3.1
Long Blades    | |  2.8
Armour         | |  1.3
Dodging        | |  2.4

Action                     || total
---------------------------++-------
  Melee: Falchion          ||    53
 Armour: Leather armour    ||    29
  Dodge: Dodged            ||    45

Table legend: (Time is in decaauts)
 A = Elapsed time spent in this place.
 B = Non-inter-level travel time spent in this place.
 C = Inter-level travel time spent in this place.
 D = Time resting spent in this place.
 E = Time spent auto-exploring this place.
 F = Levels seen in this place.
 G = Mean time per level.
                   A        B        C        D        E       F      G
               +--------+--------+--------+--------+--------+-----+--------+
         Total |   6593 |   6573 |     20 |   5747 |    662 |   2 | 3296.5 |
       Dungeon |   6593 |   6573 |     20 |   5747 |    662 |   2 | 3296.5 |
               +--------+--------+--------+--------+--------+-----+--------+

Top non-repeatable levels by time:
     D:1: 6504 daAuts
     D:2: 89 daAuts
